Map: Thunderbird LE

Players

GhostHell

  • Race: Zerg Zerg
  • Spawn Location: 5:00

Kas - Winner!

  • Race: Terran Terran
  • League: Platinum
  • Spawn Location: 11:00

Event: 2019 WCS Summer

VOD

Have the link to the VOD?

Description

Time

  • Played on: July 12, 2019, 10:11 a.m.
  • Length: 11:46

All games in this series

Show
View Real Time Build Order
Export as new Build Order

GhostHell Zerg 

Build Orders: Hatch First 

Get SALT Encoding   

  12  0:01  Drone  
  13  0:13  Overlord  
  13  0:18  Drone  
  14  0:33  Drone  
  14  0:34  Drone  
  16  0:36  Drone  
  17  0:54  Hatchery  
  17  0:56  Drone  
  17  0:57  Drone  
  18  1:10  Extractor  
  17  1:12  Spawning Pool  
  17  1:15  Drone  
  17  1:19  Drone  
  18  1:29  Drone  
  19  1:40  Overlord  
  19  1:51  Drone  
  20  1:59  Queen  
  22  2:01  Zergling x2  
  22  2:06  Queen  
  22  2:07  Zergling x2  
  26  2:11  Metabolic Boost  
  26  2:14  Overlord  
  26  2:18  Drone  
  27  2:24  Drone  
  27  2:28  Drone  
  29  2:33  Drone  
  30  2:37  Queen  
  30  2:42  Queen  
  30  2:43  Drone  
  35  2:53  Drone  
  35  2:54  Overlord  
  35  2:55  Drone  
  37  3:03  Drone  
  38  3:08  Drone x2  
  38  3:09  Drone x2  
  42  3:17  Spore Crawler  
  42  3:29  Drone, Queen x2  
  47  3:40  Drone x3  
  47  3:41  Drone, Overlord  
  50  3:53  Hatchery  
  49  3:55  Drone  
  50  4:04  Overlord  
  50  4:08  Queen x2  
  54  4:14  Evolution Chamber, Overlord x2  
  53  4:17  Evolution Chamber  
  53  4:18  Overlord  
  53  4:24  Zergling x8  
  54  4:29  Zergling x8  
  60  4:37  Drone  
  61  4:40  Zerg Melee Weapons Level 1  
  61  4:43  Zergling x2  
  61  4:44  Zergling x6  
  64  4:57  Drone x3  
  64  4:58  Zerg Ground Armor Level 1  
  67  5:03  Drone  
  67  5:04  Drone x3, Overlord  
  67  5:06  Queen  
  68  5:23  Zergling x4  
  68  5:24  Drone  
  66  5:37  Drone, Extractor  
  66  5:38  Extractor  
  65  5:49  Drone x7  
  75  5:50  Drone x3  
  75  5:58  Lair  
  75  6:00  Drone x2, Hatchery  
  75  6:01  Drone  
  75  6:02  Drone x4  
  81  6:07  Overlord  
  81  6:21  Queen  
  81  6:22  Baneling Nest  
  79  6:27  Drone x4  
  79  6:28  Zergling x12  
  89  6:47  Zergling x2, Extractor  
  89  6:48  Overlord  
  89  7:00  Zerg Melee Weapons Level 2  
  89  7:06  Hatchery  
  89  7:07  Drone x3  
  91  7:09  Centrifical Hooks  
  91  7:10  Drone x2  
  91  7:11  Drone x2  
  91  7:12  Zergling x6  
  91  7:15  Queen  
  100  7:20  Baneling x5  
  100  7:30  Zergling x8  
  100  7:31  Overlord x2  
  100  7:32  Overlord x2  
  100  7:34  Zerg Ground Armor Level 2  
  104  7:49  Queen  
  106  7:54  Zergling x18  
  112  8:07  Zergling x26  
  112  8:12  Baneling x3  
  112  8:23  Zergling x22  
  119  8:30  Queen  
  121  8:38  Infestation Pit, Baneling  
  121  8:39  Baneling x6, Overlord  
  120  8:43  Zergling x2  
  120  8:44  Zergling x10  
  125  8:56  Zergling x16  
  125  9:01  Burrow  
  132  9:04  Baneling x10  
  132  9:06  Zergling x6  
  132  9:23  Zergling x28  
  146  9:29  Hive  
  141  9:43  Zergling x28  
  112  9:48  Baneling x9  
  112  9:49  Baneling  
  112  9:51  Drone x2  
  113  9:56  Baneling, Zergling x2  
  113  9:57  Zergling x6  
  117  10:02  Drone x2  
  116  10:09  Drone  
  116  10:10  Zergling x6, Drone x2  
  116  10:11  Zergling x8  
  126  10:16  Zergling x2  
  126  10:17  Zergling x8  
  126  10:18  Baneling x4  
  126  10:19  Baneling  
  126  10:20  Baneling  
  131  10:25  Zergling x2  
  131  10:26  Zergling x10  
  137  10:31  Extractor  
  136  10:42  Baneling x4  
  136  10:43  Baneling x2  
  136  10:45  Zergling x14  
  136  10:46  Zergling x14  
  150  10:59  Zergling x4  
  150  11:00  Zergling x10  
  123  11:09  Baneling  
  123  11:11  Zergling x2  
  110  11:17  Baneling x3  
  110  11:18  Baneling  
  102  11:22  Zergling x2  
  102  11:23  Zergling x26  
Show
View Real Time Build Order
Export as new Build Order

Kas Terran - Winner!

Build Orders: Gas First Reaper Expand, Hellion Opening 

Get SALT Encoding   

  12  0:01  SCV  
  13  0:13  SCV  
  14  0:17  Supply Depot  
  14  0:25  SCV  
  15  0:30  Refinery  
  15  0:38  SCV  
  16  0:44  Barracks  
  16  0:50  SCV  
  17  1:03  SCV  
  18  1:15  SCV  
  19  1:31  Orbital Command, Reaper  
  20  1:42  Command Center  
  20  1:51  Factory  
  20  1:56  SCV  
  21  2:03  Supply Depot  
  21  2:07  Barracks Reactor  
  21  2:10  SCV  
  22  2:19  Refinery  
  22  2:22  SCV  
  23  2:34  SCV  
  24  2:44  Starport  
  24  2:46  SCV  
  24  2:50  Hellion x2  
  29  2:55  Orbital Command  
  30  2:58  SCV  
  30  3:10  SCV  
  30  3:12  Hellion x2  
  35  3:22  SCV  
  35  3:26  Viking  
  38  3:29  SCV  
  38  3:33  Hellion x2  
  43  3:36  Supply Depot  
  43  3:43  SCV  
  44  3:49  SCV  
  44  3:55  SCV  
  45  3:57  Medivac  
  45  3:58  Hellion x2  
  45  3:59  Supply Depot  
  45  4:01  Barracks Tech Lab, SCV  
  52  4:07  SCV  
  53  4:13  SCV  
  54  4:21  SCV  
  54  4:24  Command Center  
  55  4:26  SCV  
  55  4:28  Siege Tank, Supply Depot  
  59  4:33  Liberator  
  59  4:34  Marine x2  
  61  4:39  SCV  
  62  4:46  Supply Depot  
  62  4:50  SCV  
  62  4:52  Marine x2, SCV, Supply Depot  
  69  5:02  SCV  
  70  5:08  SCV  
  70  5:10  Supply Depot  
  71  5:14  SCV  
  71  5:20  SCV  
  73  5:23  Marine  
  73  5:25  Factory Reactor, Barracks  
  73  5:26  SCV  
  73  5:27  Barracks  
  74  5:33  SCV  
  74  5:35  Starport Reactor  
  67  5:36  Orbital Command  
  67  5:38  SCV  
  67  5:40  Marine  
  69  5:45  Engineering Bay  
  69  5:46  Engineering Bay, Refinery  
  69  5:47  Refinery  
  69  5:49  SCV  
  70  5:53  Stimpack  
  70  5:55  SCV  
  71  5:57  Orbital Command  
  71  5:58  Marine  
  71  6:01  SCV  
  73  6:07  SCV  
  74  6:11  Barracks  
  74  6:12  Barracks, Terran Infantry Weapons Level 1, Terran Infantry Armor Level 1  
  74  6:13  Factory Tech Lab  
  74  6:14  SCV  
  74  6:18  Marine x2  
  77  6:19  SCV  
  77  6:20  Medivac x2  
  77  6:23  SCV  
  83  6:26  SCV  
  83  6:31  Siege Tank, Marine x2, SCV  
  90  6:35  SCV  
  90  6:36  Marine x2  
  90  6:38  SCV  
  94  6:41  Marine  
  94  6:44  SCV  
  93  6:47  SCV, Supply Depot  
  93  6:48  Supply Depot  
  93  6:49  Marine x2, Supply Depot  
  93  6:52  Armory  
  93  6:54  Marine x2  
  97  6:55  SCV  
  97  6:56  SCV  
  97  6:59  Marine  
  101  7:04  Siege Tank, SCV  
  101  7:06  Marine  
  106  7:17  Barracks Reactor x2, SCV x2  
  106  7:19  Marine  
  106  7:21  SCV  
  110  7:24  Supply Depot x2  
  110  7:25  Supply Depot  
  110  7:29  Refinery, SCV  
  111  7:30  Refinery  
  111  7:31  Marine x4  
  111  7:32  Command Center, Factory  
  111  7:35  Medivac x2  
  119  7:37  Marine  
  119  7:38  Siege Tank  
  123  7:45  SCV  
  123  7:46  SCV  
  123  7:49  Marine x4  
  129  7:53  Combat Shield  
  129  7:54  Marine, Terran Vehicle And Ship Armor Level 1, Supply Depot  
  129  7:55  Marine x2  
  132  8:06  Marine  
  132  8:07  Marine  
  132  8:11  Marine  
  129  8:12  Marine  
  129  8:13  Marine x2  
  129  8:14  Marine  
  131  8:20  Marine x2  
  131  8:21  Siege Tank  
  131  8:24  Marine x2  
  126  8:29  Terran Infantry Weapons Level 2, Marine, Terran Infantry Armor Level 2  
  126  8:30  Marine x2  
  126  8:31  Marine  
  126  8:32  Marine, Missile Turret x2  
  129  8:34  Missile Turret  
  129  8:36  Factory Tech Lab  
  129  8:37  Marine  
  129  8:38  Marauder  
  132  8:42  Marine x2, Medivac  
  132  8:47  Marine  
  132  8:48  Marine x3  
  137  8:49  Marine  
  137  8:53  Siege Tank  
  143  8:55  Marine  
  143  8:57  Medivac  
  143  8:59  Siege Tank, Marine  
  143  9:00  Marine x2  
  152  9:05  SCV x2  
  152  9:06  Planetary Fortress  
  152  9:08  SCV  
  155  9:12  Medivac  
  157  9:17  SCV x2  
  157  9:18  Marauder, Marine x3  
  157  9:19  Marine x5  
  157  9:20  SCV  
  157  9:22  Barracks  
  157  9:23  Barracks  
  170  9:25  Barracks  
  170  9:28  Siege Tank  
  170  9:29  SCV  
  174  9:36  Marine x2  
  135  9:46  Marauder  
  135  9:47  Marine x6  
  135  9:49  Siege Tank, Medivac x2  
  135  9:51  SCV x3  
  153  9:53  Marine, SCV  
  153  9:54  Marine  
  156  10:03  SCV  
  156  10:04  Marine  
  156  10:05  Marine x5  
  163  10:08  Marauder  
  163  10:11  Marine x2  
  163  10:13  Barracks Tech Lab  
  168  10:14  Barracks Reactor, Barracks Tech Lab  
  167  10:22  Marine x2  
  169  10:28  Marine  
  169  10:29  Marauder, Marine  
  169  10:31  Marauder, Marine x3  
  169  10:32  Marine  
  179  10:36  Command Center  
  179  10:37  Supply Depot x3  
  179  10:40  Marauder  
  181  10:50  Marauder  
  181  10:52  Marine x3  
  181  10:53  Marauder  
  188  10:58  Marine x4, Medivac x2  
  188  10:59  Marine x3  
  188  11:00  Marine  
  175  11:10  Marine x3  
  158  11:12  Siege Tank, Marauder  
  158  11:13  Siege Tank  
  158  11:14  Marauder  
  158  11:16  Marine x7  
  173  11:19  Marauder  
  173  11:28  Marine x3  
  190  11:40  Refinery x2  
Tags
 
Add a new tag
Caveats
  • Supply blocks, unpowered buildings, or Contaminate may cause inaccurate times.
  • Supply counts are checked every 10 seconds.